AoeStats
← _vishi_

Fortress

509699596Analyzed
2v2 RM · 5d ago on Sep 27, 2026· 69m 48s· 4 players
Game mode
Random Map
Map size
Normal (6 player)
Population
200
Speed
Normal
Resources
Standard
Victory
Conquest
Starting age
Dark Age
Ending age
Imperial Age
RankedLock teamsTeams togetherTeam positionsShared explorationLock speedFull tech treeHidden civsTurbo modeCheats
Victory
Defeat
🇮🇳 Burmese · India
1379
+16
🇵🇪 Bulgarians · Peru
1344
+17
🇦🇷 Inca · Argentina
1398
-18
🇪🇸 Romans · Spain
1336
-15
[KBRA] EagleK
7:26 Feudal Age
6:09 Loom
9:01 Double-Bit Axe
11:32 Castle Age
9:58 Horse Collar
10:08 Man-at-Arms
11:09 Scale Mail Armor
14:55 Chain Mail Armor
15:48 Long Swordsman
17:59 Squires
18:16 Forging
18:38 Loom
19:29 Wheelbarrow
21:58 Hand Cart
22:48 Heavy Plow
27:42 Iron Casting
31:43 Imperial Age
30:52 Bow Saw
31:33 Ballistas
31:50 Gold Mining
33:00 Conscription
32:06 Legionary
33:50 Gold Shaft Mining
34:23 Crop Rotation
34:55 Blast Furnace
41:43 Caravan
48:34 Fletching
48:45 Padded Archer Armor
49:08 Ballistics
49:48 Chemistry
49:58 Bodkin Arrow
50:19 Leather Archer Armor
49:39 Heavy Cavalry Archer
50:59 Bodkin Arrow
51:19 Leather Archer Armor
54:00 Ring Archer Armor
55:01 Elite Skirmisher
57:50 Bloodlines
57:40 Husbandry
59:11 Scale Barding Armor
58:52 Light Cavalry
65:12 Chain Barding Armor
68:10 Plate Barding Armor
[CLag]RirroMza
7:51 Feudal Age
11:34 Castle Age
9:35 Horse Collar
9:43 Double-Bit Axe
14:23 Bow Saw
15:26 Town Watch
15:27 Loom
17:52 Wheelbarrow
18:05 Loom
20:15 Heavy Plow
21:27 Hand Cart
21:39 Gold Mining
22:04 Stone Mining
25:47 Imperial Age
23:38 Town Patrol
23:01 Champi Runner
23:53 Scale Mail Armor
23:54 Squires
23:53 Champi Warrior
24:49 Chain Mail Armor
25:42 Forging
25:52 Elite Champi Warrior
27:33 Plate Mail Armor
28:05 Gold Shaft Mining
28:13 Conscription
28:56 Fletching
29:08 Andean Sling
29:20 Padded Archer Armor
30:32 Chemistry
29:45 Bodkin Arrow
30:13 Pikeman
30:45 Halberdier
31:56 Ballistics
32:10 Bracer
32:57 Leather Archer Armor
34:47 Thumb Ring
35:14 Ring Archer Armor
35:32 Fabric Shields
35:15 Capped Ram
36:24 Siege Ram
37:50 Iron Casting
42:09 Blast Furnace
42:07 Treadmill Crane
46:23 Masonry
47:07 Caravan
48:42 Crop Rotation
48:48 Stone Shaft Mining
51:53 Siege Engineers
60:39 Arson
62:18 Hoardings
_vishi_
7:37 Feudal Age
11:55 Castle Age
9:40 Horse Collar
11:46 Wheelbarrow
14:51 Heavy Plow
16:11 Town Watch
18:30 Hand Cart
20:27 Loom
26:03 Imperial Age
23:45 Gold Mining
23:46 Stone Mining
24:10 Arson
24:26 Squires
24:11 Gambesons
23:46 Man-at-Arms
24:28 Scale Mail Armor
24:39 Forging
24:46 Pikeman
26:00 Long Swordsman
26:52 Two-Handed Swordsman
28:09 Iron Casting
30:10 Chain Mail Armor
30:56 Blast Furnace
32:14 Chemistry
31:54 Champion
32:20 Gambesons
33:39 Blast Furnace
33:49 Conscription
35:37 Plate Mail Armor
36:48 Padded Archer Armor
37:42 Siege Engineers
41:29 Fletching
41:45 Scale Barding Armor
42:52 Elite Arambai
47:19 Husbandry
47:29 Bloodlines
48:02 Crop Rotation
48:17 Guilds
48:07 Caravan
50:19 Coinage
59:03 Light Cavalry
61:13 Chain Barding Armor
61:31 Hussar
61:55 Hussar
63:26 Plate Barding Armor
65:58 Manipur Cavalry
JAGR | Rojnar
8:30 Feudal Age
9:29 Loom
12:22 Castle Age
10:11 Double-Bit Axe
10:08 Horse Collar
12:49 Wheelbarrow
12:06 Loom
12:57 Wheelbarrow
16:57 Fervor
20:47 Town Watch
22:36 Bow Saw
27:34 Imperial Age
25:27 Scale Mail Armor
25:37 Forging
26:05 Hand Cart
27:12 Chain Mail Armor
27:32 Iron Casting
27:12 Chain Mail Armor
26:59 Gambesons
27:15 Squires
27:00 Arson
27:26 Heavy Plow
27:17 Gold Mining
28:28 Bagains
29:21 Plate Mail Armor
29:36 Conscription
29:53 Scale Barding Armor
29:36 Cavalier
30:17 Husbandry
30:27 Bloodlines
30:43 Chain Barding Armor
30:47 Bloodlines
32:14 Plate Barding Armor
31:58 Stirrups
32:44 Light Cavalry
34:38 Chemistry
35:07 Blast Furnace
36:35 Fletching
36:13 Hussar
36:47 Hussar
39:38 Fletching
41:00 Crop Rotation
41:06 Gold Shaft Mining
40:21 Stone Mining
41:19 Masonry
44:41 Capped Ram
45:58 Caravan
46:33 Ballistics
46:11 Murder Holes
47:29 Stone Shaft Mining
48:38 Architecture
54:28 Siege Ram
56:55 Siege Engineers
61:43 Bodkin Arrow
64:01 Onager
Connection lost

Rejoining the realm…

Still unreachable

The connection could not be restored.

Session expired

The server has moved on; the page needs a fresh start.